ORI
CALIFORNIA STATE UNIVERSITY AT FULLERTON TITANS @ UNIVERSITY OF NEBRASKA CORNHUSKERS
11/04/2046
 
TOP OF THE 1ST
California State University at Fullerton Titans batting - Pitching for University of Nebraska Cornhuskers : RHP Mike Zambrano Jr.
Pitching: RHP Mike Zambrano Jr.
Batting: LHB Jim Snell 0-0: Ball
1-0: Swinging Strike
1-1: Foul Ball, location: 2F
1-2: Ball
2-2: Strikes out swinging
Batting: RHB Zach Warwick 0-0: Ball
1-0: Swinging Strike
1-1: Ball
2-1: Fly out, F9 (Flyball, 89S, EV 87.5 MPH)
Batting: LHB Alberto Aguilar 0-0: Foul Ball, location: 2F
0-1: Foul Ball, location: 2F
0-2: Foul Ball, location: 2F
0-2: Foul Ball, location: 2F
0-2: Foul Ball, location: 2F
0-2: Ball
1-2: Fly out, F6 (Popup, 6MS, EV 75.0 MPH)
Top of the 1st over - 0 runs, 0 hits, 0 errors, 0 left on base; California State University at Fullerton 0 - University of Nebraska 0
BOTTOM OF THE 1ST
University of Nebraska Cornhuskers batting - Pitching for California State University at Fullerton Titans : RHP Alex Valdez
Pitching: RHP Alex Valdez
Batting: RHB Chris Anthony 0-0: Ground out 4-3 (Groundball, 4, EV 100.6 MPH)
Batting: RHB Quentin Howland 0-0: Ball
1-0: Called Strike
1-1: Ball
2-1: Ground out 6-3 (Groundball, 6, EV 82.5 MPH)
Batting: RHB Zion Jones 0-0: Fly out, F9 (Flyball, 9D, EV 107.5 MPH)
Bottom of the 1st over - 0 runs, 0 hits, 0 errors, 0 left on base; California State University at Fullerton 0 - University of Nebraska 0
TOP OF THE 2ND
California State University at Fullerton Titans batting - Pitching for University of Nebraska Cornhuskers : RHP Mike Zambrano Jr.
Batting: RHB Simon Sultzbach 0-0: Foul Ball, location: 2F
0-1: Ball
1-1: Ball
2-1: Foul Ball, location: 2F
2-2: Foul Ball, location: 2F
2-2: Fly out, F7 (Flyball, 7D, EV 93.8 MPH)
Batting: SHB Jonathan Jacob 0-0: Called Strike
0-1: Ball
1-1: Swinging Strike
1-2: Strikes out swinging
Batting: LHB Mike Fernandez 0-0: Ball
1-0: Ball
2-0: Fly out, F5 (Popup, 5F, EV 77.5 MPH)
Top of the 2nd over - 0 runs, 0 hits, 0 errors, 0 left on base; California State University at Fullerton 0 - University of Nebraska 0
BOTTOM OF THE 2ND
University of Nebraska Cornhuskers batting - Pitching for California State University at Fullerton Titans : RHP Alex Valdez
Batting: LHB Lupe Garcia 0-0: Ground out 1-3 (Groundball, 13S, EV 65.0 MPH)
Batting: LHB Jose Gonzalez 0-0: Foul Ball, location: 2F
0-1: Ball
1-1: Fly out, F8 (Flyball, 89D, EV 99.4 MPH)
Batting: LHB Avicenna Abdul-Muta'al 0-0: Fly out, F8 (Line Drive, 8LD, EV 95.6 MPH)
Bottom of the 2nd over - 0 runs, 0 hits, 0 errors, 0 left on base; California State University at Fullerton 0 - University of Nebraska 0
TOP OF THE 3RD
California State University at Fullerton Titans batting - Pitching for University of Nebraska Cornhuskers : RHP Mike Zambrano Jr.
Batting: RHB Sergio Cervantes 0-0: Ball
1-0: Ground out 1-3 (Groundball, 15S, EV 70.0 MPH)
Batting: LHB Efrain Gonzalez 0-0: Ball
1-0: Called Strike
1-1: Swinging Strike
1-2: Ball
2-2: Foul Ball, location: 2F
2-2: Fly out, F8 (Flyball, 8RD, EV 105.6 MPH)
Batting: SHB Jason Pugh 0-0: Foul Ball, location: 2F
0-1: Ball
1-1: Foul Ball, location: 2F
1-2: Ball
2-2: Foul Ball, location: 2F
2-2: Foul Ball, location: 2F
2-2: Ball
3-2: Strikes out swinging
Top of the 3rd over - 0 runs, 0 hits, 0 errors, 0 left on base; California State University at Fullerton 0 - University of Nebraska 0
BOTTOM OF THE 3RD
University of Nebraska Cornhuskers batting - Pitching for California State University at Fullerton Titans : RHP Alex Valdez
Batting: LHB Bob Appleby 0-0: Called Strike
0-1: Fly out, F2 (Popup, 2LF, EV 88.8 MPH)
Batting: RHB Mario Lopec 0-0: Called Strike
0-1: Ground out 5-3 (Groundball, 5L, EV 91.9 MPH)
Batting: RHB Danny Forbes 0-0: Ground out 4-3 (Groundball, 4, EV 84.4 MPH)
Bottom of the 3rd over - 0 runs, 0 hits, 0 errors, 0 left on base; California State University at Fullerton 0 - University of Nebraska 0
TOP OF THE 4TH
California State University at Fullerton Titans batting - Pitching for University of Nebraska Cornhuskers : RHP Mike Zambrano Jr.
Batting: LHB Jim Snell 0-0: Ball
1-0: Ball
2-0: Ground out 4-3 (Groundball, 4, EV 84.4 MPH)
Batting: RHB Zach Warwick 0-0: Called Strike
0-1: Foul Ball, location: 2F
0-2: Foul Ball, location: 2F
0-2: Ball
1-2: Foul Ball, location: 2F
1-2: Ball
2-2: Strikes out looking
Batting: LHB Alberto Aguilar 0-0: Ground out 4-3 (Groundball, 4, EV 89.4 MPH)
Top of the 4th over - 0 runs, 0 hits, 0 errors, 0 left on base; California State University at Fullerton 0 - University of Nebraska 0
BOTTOM OF THE 4TH
University of Nebraska Cornhuskers batting - Pitching for California State University at Fullerton Titans : RHP Alex Valdez
Batting: RHB Chris Anthony 0-0: SINGLE (Groundball, 4M, EV 84.4 MPH) (infield hit)
Batting: RHB Quentin Howland 0-0: Ball
1-0: Fielders Choice at 2nd, 3-6 (Groundball, 3, EV 88.1 MPH)
Batting: RHB Zion Jones 0-0: Grounds into double play, 6-4-3 (Groundball, 6, EV 107.5 MPH)
Bottom of the 4th over - 0 runs, 1 hit, 0 errors, 0 left on base; California State University at Fullerton 0 - University of Nebraska 0
TOP OF THE 5TH
California State University at Fullerton Titans batting - Pitching for University of Nebraska Cornhuskers : RHP Mike Zambrano Jr.
Batting: RHB Simon Sultzbach 0-0: Ball
1-0: Called Strike
1-1: Ball
2-1: Foul Ball, location: 2F
2-2: Foul Ball, location: 2F
2-2: Strikes out swinging
Batting: SHB Jonathan Jacob 0-0: Ball
1-0: Called Strike
1-1: Swinging Strike
1-2: Strikes out looking
Batting: LHB Mike Fernandez 0-0: Ball
1-0: Swinging Strike
1-1: Foul Ball, location: 2F
1-2: Ball
2-2: Ball
3-2: Ground out U3 (Groundball, 3, EV 103.8 MPH)
Top of the 5th over - 0 runs, 0 hits, 0 errors, 0 left on base; California State University at Fullerton 0 - University of Nebraska 0
BOTTOM OF THE 5TH
University of Nebraska Cornhuskers batting - Pitching for California State University at Fullerton Titans : RHP Alex Valdez
Batting: LHB Lupe Garcia 0-0: Called Strike
0-1: Foul Ball, location: 2F
0-2: Ball
1-2: Ball
2-2: Hit by Pitch
Batting: LHB Jose Gonzalez 0-0: Ball
1-0: Fly out, F5 (Popup, 56S, EV 71.9 MPH)
Batting: LHB Avicenna Abdul-Muta'al 0-0: Foul Ball, location: 2F
0-1: Fly out, F9 (Line Drive, 89M, EV 95.6 MPH)
Batting: LHB Bob Appleby 0-0: Ball
1-0: Called Strike
1-1: Swinging Strike
1-2: Foul Ball, location: 2F
1-2: Strikes out swinging
Bottom of the 5th over - 0 runs, 0 hits, 0 errors, 1 left on base; California State University at Fullerton 0 - University of Nebraska 0
TOP OF THE 6TH
California State University at Fullerton Titans batting - Pitching for University of Nebraska Cornhuskers : RHP Mike Zambrano Jr.
Batting: RHB Sergio Cervantes 0-0: Ground out 6-3 (Groundball, 6S, EV 80.0 MPH)
Batting: LHB Efrain Gonzalez 0-0: Called Strike
0-1: Called Strike
0-2: Foul Ball, location: 2F
0-2: Ball
1-2: Ground out 3-1 (Groundball, 34, EV 80.0 MPH)
Batting: SHB Jason Pugh 0-0: Ball
1-0: Fly out, F8 (Flyball, 8RD, EV 98.8 MPH)
Top of the 6th over - 0 runs, 0 hits, 0 errors, 0 left on base; California State University at Fullerton 0 - University of Nebraska 0
BOTTOM OF THE 6TH
University of Nebraska Cornhuskers batting - Pitching for California State University at Fullerton Titans : RHP Alex Valdez
Batting: RHB Mario Lopec 0-0: Ball
1-0: Swinging Strike
1-1: Ground out 6-3 (Groundball, 56, EV 87.5 MPH)
Batting: RHB Danny Forbes 0-0: Ball
1-0: Called Strike
1-1: Called Strike
1-2: SINGLE (Flyball, 34D, EV 88.1 MPH)
Batting: RHB Chris Anthony 0-0: Ball
1-0: Ball
2-0: Foul Ball, location: 2F
2-1: SINGLE (Groundball, 56D, EV 97.5 MPH)
Danny Forbes to second
Batting: RHB Quentin Howland 0-0: Ball
1-0: Fielders Choice at 2nd, 4-6 (Groundball, 4, EV 102.5 MPH)
Danny Forbes to third
Batting: RHB Zion Jones 0-0: Foul Ball, location: 2F
0-1: Ball
Quentin Howland steals 2nd base
1-1: Called Strike
1-2: Strikes out swinging
Bottom of the 6th over - 0 runs, 2 hits, 0 errors, 2 left on base; California State University at Fullerton 0 - University of Nebraska 0
TOP OF THE 7TH
California State University at Fullerton Titans batting - Pitching for University of Nebraska Cornhuskers : RHP Mike Zambrano Jr.
Batting: LHB Jim Snell 0-0: Foul Ball, location: 2F
0-1: Ball
1-1: Swinging Strike
1-2: Strikes out swinging
Batting: RHB Zach Warwick 0-0: Called Strike
0-1: Foul Ball, location: 2F
0-2: Ball
1-2: Ball
2-2: Strikes out swinging
Batting: LHB Alberto Aguilar 0-0: Called Strike
0-1: Foul Ball, location: 2F
0-2: Strikes out looking
Top of the 7th over - 0 runs, 0 hits, 0 errors, 0 left on base; California State University at Fullerton 0 - University of Nebraska 0
BOTTOM OF THE 7TH
University of Nebraska Cornhuskers batting - Pitching for California State University at Fullerton Titans : RHP Alex Valdez
Batting: LHB Lupe Garcia 0-0: Ball
1-0: Foul Ball, location: 2F
1-1: Foul Ball, location: 2F
1-2: Ball
2-2: Foul Ball, location: 2F
2-2: Foul Ball, location: 2F
2-2: Foul Ball, location: 2F
2-2: Ball
3-2: Base on Balls
Batting: LHB Jose Gonzalez 0-0: Ball
1-0: SINGLE (Groundball, 3D, EV 96.9 MPH)
Lupe Garcia to second
Batting: LHB Avicenna Abdul-Muta'al 0-0: Ball
1-0: Foul Ball, location: 2F
1-1: Called Strike
1-2: Ball
2-2: Strikes out swinging
Batting: LHB Bob Appleby 0-0: SINGLE (Groundball, 5D, EV 93.8 MPH)
Lupe Garcia to third
Jose Gonzalez to second
Batting: RHB Mario Lopec 0-0: Called Strike
0-1: Ball
1-1: Foul Ball, location: 2F
1-2: Strikes out swinging
Batting: RHB Danny Forbes 0-0: Fly out, F5 (Line Drive, 5L, EV 73.8 MPH)
Bottom of the 7th over - 0 runs, 2 hits, 0 errors, 3 left on base; California State University at Fullerton 0 - University of Nebraska 0
TOP OF THE 8TH
California State University at Fullerton Titans batting - Pitching for University of Nebraska Cornhuskers : RHP Mike Zambrano Jr.
Batting: RHB Simon Sultzbach 0-0: Ball
1-0: SINGLE (Groundball, 6MD, EV 95.6 MPH)
Pitching: RHP Santos Arevalo
Batting: SHB Jonathan Jacob
Pinch Hitting: RHB Jamie Blankenship 0-0: Swinging Strike
0-1: Foul Ball, location: 2F
0-2: Strikes out swinging
Pinch Hitting: RHB Justin Thomas 0-0: Called Strike
0-1: Ball
1-1: Called Strike
1-2: Strikes out swinging
Pinch Hitting: LHB John Blumberg 0-0: Ball
1-0: Called Strike
1-1: Fly out, F8 (Flyball, 8LD, EV 85.6 MPH)
Top of the 8th over - 0 runs, 1 hit, 0 errors, 1 left on base; California State University at Fullerton 0 - University of Nebraska 0
BOTTOM OF THE 8TH
University of Nebraska Cornhuskers batting - Pitching for California State University at Fullerton Titans : RHP Alex Valdez
Now at 1B: John Blumberg
Now at 2B: Felipe Lara
Now at 3B: Alberto Aguilar
Now at SS: Jeremy Evans
Batting: RHB Chris Anthony 0-0: Ball
1-0: Fly out, F7 (Flyball, 7LS, EV 80.6 MPH)
Pitching: RHP Angelo Ramos
Pinch Hitting: SHB Gary Luckwell 0-0: Ball
1-0: Fly out, F7 (Line Drive, 7, EV 88.1 MPH)
Pinch Hitting: RHB Robby Arce 0-0: Ball
1-0: Ball
2-0: SINGLE (Groundball, P, EV 82.5 MPH) (infield hit)
Batting: LHB Lupe Garcia 0-0: Called Strike
0-1: Swinging Strike
0-2: Strikes out looking
Bottom of the 8th over - 0 runs, 1 hit, 0 errors, 1 left on base; California State University at Fullerton 0 - University of Nebraska 0
TOP OF THE 9TH
California State University at Fullerton Titans batting - Pitching for University of Nebraska Cornhuskers : RHP Santos Arevalo
Now at SS: Rob Bryan
Now in RF: Alfonso Escalante
Pinch Hitting: RHB Joe McKinzie 0-0: Ground out 6-3 (Groundball, 6M, EV 110.0 MPH)
Pinch Hitting: LHB B.J. Ferguson 0-0: Called Strike
0-1: Foul Ball, location: 2F
0-2: Fly out, F8 (Line Drive, 78M, EV 86.9 MPH)
Pinch Hitting: LHB Steve Lane 0-0: Called Strike
0-1: Hit by Pitch
Pinch Hitting: LHB Mike Lauritsen 0-0: Ball
1-0: Fielders Choice at 2nd, U6 (Groundball, 6M, EV 78.1 MPH)
Top of the 9th over - 0 runs, 0 hits, 0 errors, 1 left on base; California State University at Fullerton 0 - University of Nebraska 0
BOTTOM OF THE 9TH
University of Nebraska Cornhuskers batting - Pitching for California State University at Fullerton Titans : RHP Angelo Ramos
Now at C: Jim Cahan
Now in LF: B.J. Ferguson
Now in CF: Joe McKinzie
Now in RF: Steve Lane
Pinch Hitting: RHB Aidan Collet 0-0: Called Strike
0-1: Called Strike
0-2: Strikes out looking
Batting: LHB Avicenna Abdul-Muta'al 0-0: Called Strike
0-1: Swinging Strike
0-2: Strikes out looking
Pinch Hitting: RHB David Arevalo 0-0: Ball
1-0: Foul Ball, location: 2F
1-1: Ball
2-1: Swinging Strike
2-2: Strikes out swinging
Bottom of the 9th over - 0 runs, 0 hits, 0 errors, 0 left on base; California State University at Fullerton 0 - University of Nebraska 0
TOP OF THE 10TH
California State University at Fullerton Titans batting - Pitching for University of Nebraska Cornhuskers : RHP Santos Arevalo
Pitching: RHP Frank Saslove
Now at 1B: David Arevalo
Now in LF: Aidan Collet
Pinch Hitting: RHB Alex Freyre 0-0: Ball
1-0: SINGLE (Groundball, 56, EV 100.0 MPH) (infield hit)
Batting: RHB Simon Sultzbach 0-0: Called Strike
0-1: Called Strike
Alex Freyre steals 2nd base
0-2: Foul Ball, location: 2F
0-2: Ball
1-2: Ball
2-2: Foul Ball, location: 2F
2-2: Foul Ball, location: 2F
2-2: Ground out 3-1 (Groundball, 34S, EV 83.1 MPH)
Alex Freyre to third
Batting: RHB Jeremy Evans 0-0: Intentional Walk
Batting: RHB Felipe Lara 0-0: Ball
1-0: Called Strike
Jeremy Evans steals 2nd base (no throw)
1-1: Called Strike
1-2: Reached on error, E6 (Groundball, 6, EV 86.2 MPH)
Alex Freyre scores
Jeremy Evans to third
Batting: LHB John Blumberg 0-0: Foul Ball, location: 2F
0-1: Ball
1-1: Fielders Choice at 2nd, 1-6 (Groundball, 34S, EV 65.0 MPH)
Batting: RHB Joe McKinzie 0-0: Called Strike
0-1: Ball
1-1: Fly out, F9 (Flyball, 9LSF, EV 90.0 MPH)
Top of the 10th over - 1 run, 1 hit, 1 error, 2 left on base; California State University at Fullerton 1 - University of Nebraska 0
BOTTOM OF THE 10TH
University of Nebraska Cornhuskers batting - Pitching for California State University at Fullerton Titans : RHP Angelo Ramos
Pitching: RHP Alex Estrada
Now at 3B: Nick Pothier
Now in CF: Alex Freyre
Pinch Hitting: SHB Andy Henn 0-0: Ball
1-0: Ball
2-0: Ball
3-0: Called Strike
3-1: Foul Ball, location: 2F
3-2: Strikes out looking
Pinch Hitting: LHB Stu Proulx 0-0: Ball
1-0: Foul Ball, location: 2F
1-1: Swinging Strike
1-2: Strikes out swinging
Pinch Hitting: RHB Jason Blakeley 0-0: Swinging Strike
0-1: Ball
1-1: Swinging Strike
1-2: Foul Ball, location: 2F
1-2: Foul Ball, location: 2F
1-2: Foul Ball, location: 2F
1-2: Ball
2-2: Foul Ball, location: 2F
2-2: Foul Ball, location: 2F
2-2: Foul Ball, location: 2F
2-2: SOLO HOME RUN (Flyball, 7LD, EV 98.1 MPH), Distance : 345 ft
Batting: RHB Rob Bryan 0-0: Ball
1-0: Called Strike
1-1: Ground out 5-3 (Groundball, 56, EV 103.1 MPH)
Bottom of the 10th over - 1 run, 1 hit, 0 errors, 0 left on base; California State University at Fullerton 1 - University of Nebraska 1
TOP OF THE 11TH
California State University at Fullerton Titans batting - Pitching for University of Nebraska Cornhuskers : RHP Frank Saslove
Now at 2B: Carlos Salazar
Now at 3B: Tim Bond
Now in CF: Andy Henn
Batting: LHB B.J. Ferguson 0-0: Ball
1-0: Ball
2-0: Ball
3-0: Base on Balls
Batting: LHB Steve Lane 0-0: Called Strike
0-1: Ball
1-1: Foul Ball, location: 2F
1-2: Ball
2-2: Ball
3-2: SINGLE (Flyball, 6MD, EV 88.1 MPH)
B.J. Ferguson to second
Runner from 2nd tries for 3rd, SAFE, throw by CF made to third
Pinch Hitting: SHB John Loechel 0-0: Foul Ball, location: 2F
0-1: Called Strike
0-2: Foul Ball, location: 2F
0-2: Ball
1-2: Ball
2-2: Ball
3-2: Strikes out looking
Batting: RHB Alex Freyre 0-0: Ball
1-0: Called Strike
1-1: Called Strike
1-2: Ball
2-2: Ball
3-2: Base on Balls
Steve Lane to second
Pitching: RHP Ronald Garbie
Batting: RHB Simon Sultzbach 0-0: Foul Ball, location: 2F
0-1: Ball
1-1: Ball
2-1: Foul Ball, location: 2F
2-2: Foul Ball, location: 2F
2-2: Strikes out swinging
Batting: RHB Jeremy Evans 0-0: Called Strike
0-1: Ball
1-1: Ball
2-1: Ground out 5-3 (Groundball, 56S, EV 68.8 MPH)
Top of the 11th over - 0 runs, 1 hit, 0 errors, 3 left on base; California State University at Fullerton 1 - University of Nebraska 1
BOTTOM OF THE 11TH
University of Nebraska Cornhuskers batting - Pitching for California State University at Fullerton Titans : RHP Alex Estrada
Now at C: John Loechel
Pinch Hitting: RHB Salvador Guillen 0-0: Ball
1-0: Reached on error, E5 (Groundball, 5, EV 84.4 MPH)
Pinch Hitting: RHB Tariq Garane 0-0: Fly out, F9 (Line Drive, 9, EV 89.4 MPH)
Batting: RHB Aidan Collet 0-0: Swinging Strike
0-1: Swinging Strike
0-2: Ball
1-2: Ball
2-2: Strikes out swinging
Pitching: RHP Alex Mendoza
Batting: LHB Avicenna Abdul-Muta'al 0-0: Foul Ball, location: 2F
0-1: Ball
1-1: Foul Ball, location: 2F
1-2: Ball
2-2: Foul Ball, location: 2F
2-2: Ball
3-2: Foul Ball, location: 2F
3-2: Fly out, F7 (Line Drive, 7, EV 91.9 MPH)
Bottom of the 11th over - 0 runs, 0 hits, 1 error, 1 left on base; California State University at Fullerton 1 - University of Nebraska 1
TOP OF THE 12TH
California State University at Fullerton Titans batting - Pitching for University of Nebraska Cornhuskers : RHP Ronald Garbie
Now at C: Will England
Now in RF: Salvador Guillen
Pinch Hitting: LHB Sean Jacobs 0-0: Ball
1-0: Ball
2-0: Ball
3-0: Called Strike
3-1: Ground out 5-3 (Groundball, 56, EV 86.9 MPH)
Batting: LHB John Blumberg 0-0: Ball
1-0: Called Strike
1-1: Foul Ball, location: 2F
1-2: Ball
2-2: Ground out 4-3 (Groundball, 4, EV 102.5 MPH)
Pinch Hitting: LHB Kris Zimbalist 0-0: Ball
1-0: Swinging Strike
1-1: Ball
2-1: Swinging Strike
2-2: Ball
3-2: Foul Ball, location: 2F
3-2: Ground out 5-3 (Groundball, 56, EV 106.2 MPH)
Top of the 12th over - 0 runs, 0 hits, 0 errors, 0 left on base; California State University at Fullerton 1 - University of Nebraska 1
BOTTOM OF THE 12TH
University of Nebraska Cornhuskers batting - Pitching for California State University at Fullerton Titans : RHP Alex Mendoza
Now at 2B: Alex Rivas
Now at 3B: Hassan Thomas
Batting: RHB David Arevalo 0-0: Called Strike
0-1: Called Strike
0-2: Ball
1-2: Foul Ball, location: 2F
1-2: Strikes out swinging
Batting: SHB Andy Henn 0-0: Called Strike
0-1: Foul Ball, location: 2F
0-2: Foul Ball, location: 2F
0-2: Fly out, F7 (Flyball, 7D, EV 102.5 MPH)
Pinch Hitting: RHB Jeremy Weaver 0-0: Ball
1-0: Fly out, F8 (Flyball, 8RD, EV 92.5 MPH)
Bottom of the 12th over - 0 runs, 0 hits, 0 errors, 0 left on base; California State University at Fullerton 1 - University of Nebraska 1
TOP OF THE 13TH
California State University at Fullerton Titans batting - Pitching for University of Nebraska Cornhuskers : RHP Ronald Garbie
Now at 3B: Ruben Savino
Batting: LHB B.J. Ferguson 0-0: Called Strike
0-1: Called Strike
0-2: Foul Ball, location: 2F
0-2: Ball
1-2: Ball
2-2: Ball
3-2: Base on Balls
Batting: LHB Steve Lane 0-0: Fielders Choice at 2nd, 4-6 (Groundball, 4, EV 90.6 MPH)
Batting: SHB John Loechel 0-0: Ball
1-0: Bunted foul
1-1: Bunted foul
1-2: Ground out 4-3 (Groundball, 34, EV 87.5 MPH)
Steve Lane to second
Batting: RHB Alex Freyre 0-0: Intentional Walk
Pitching: RHP Jason Kelly
Batting: RHB Simon Sultzbach 0-0: Ball
1-0: Foul Ball, location: 2F
1-1: Ball
2-1: Fly out, F9 (Flyball, 9, EV 91.2 MPH)
Top of the 13th over - 0 runs, 0 hits, 0 errors, 2 left on base; California State University at Fullerton 1 - University of Nebraska 1
BOTTOM OF THE 13TH
University of Nebraska Cornhuskers batting - Pitching for California State University at Fullerton Titans : RHP Alex Mendoza
Batting: RHB Carlos Salazar 0-0: Swinging Strike
0-1: Foul Ball, location: 2F
0-2: Ball
1-2: Ball
2-2: Ball
3-2: Foul Ball, location: 2F
3-2: Base on Balls
Batting: RHB Rob Bryan 0-0: Called Strike
Carlos Salazar steals 2nd base
0-1: Fly out, F8 (Line Drive, 8LD, EV 100.6 MPH)
Runner from 2nd tags up, OUT at 3rd! 8-5
Batting: RHB Salvador Guillen 0-0: Ball
1-0: Called Strike
1-1: Ground out 6-3 (Groundball, 6M, EV 103.1 MPH)
Bottom of the 13th over - 0 runs, 0 hits, 0 errors, 0 left on base; California State University at Fullerton 1 - University of Nebraska 1
TOP OF THE 14TH
California State University at Fullerton Titans batting - Pitching for University of Nebraska Cornhuskers : RHP Jason Kelly
Batting: RHB Jeremy Evans 0-0: Ball
1-0: Ball
2-0: Fly out, F7 (Flyball, 78M, EV 90.0 MPH)
Batting: RHB Alex Rivas 0-0: Ball
1-0: Foul Ball, location: 2F
1-1: Ball
2-1: Foul Ball, location: 2F
2-2: Ground out 6-3 (Groundball, 6, EV 111.2 MPH)
Batting: LHB John Blumberg 0-0: Hit by Pitch
Pinch Hitting: LHB Edwin Esparza 0-0: Called Strike
0-1: Ball
1-1: Called Strike
1-2: Ball
2-2: Foul Ball, location: 2F
2-2: Strikes out swinging
Top of the 14th over - 0 runs, 0 hits, 0 errors, 1 left on base; California State University at Fullerton 1 - University of Nebraska 1
BOTTOM OF THE 14TH
University of Nebraska Cornhuskers batting - Pitching for California State University at Fullerton Titans : RHP Alex Mendoza
Now at 3B: Matt Martin
Pinch Hitting: RHB Jose Caballero 0-0: Called Strike
0-1: Ball
1-1: Ball
2-1: Fly out, F7 (Line Drive, 7, EV 93.1 MPH)
Batting: RHB Aidan Collet 0-0: Called Strike
0-1: Ball
1-1: Foul Ball, location: 2F
1-2: Foul Ball, location: 2F
1-2: Ball
2-2: Foul Ball, location: 2F
2-2: Strikes out swinging
Batting: LHB Avicenna Abdul-Muta'al 0-0: Called Strike
0-1: Ball
1-1: Foul Ball, location: 2F
1-2: Ground out 1-3 (Groundball, P, EV 67.5 MPH)
Bottom of the 14th over - 0 runs, 0 hits, 0 errors, 0 left on base; California State University at Fullerton 1 - University of Nebraska 1
TOP OF THE 15TH
California State University at Fullerton Titans batting - Pitching for University of Nebraska Cornhuskers : RHP Jason Kelly
Now at C: Nick Hernandes
Batting: LHB B.J. Ferguson 0-0: Ball
1-0: Swinging Strike
1-1: Ball
2-1: Ball
3-1: Called Strike
3-2: DOUBLE (Line Drive, 5D, EV 96.2 MPH)
Batting: LHB Steve Lane 0-0: Intentional Walk
Pitching: RHP Doug Haas
Batting: SHB John Loechel 0-0: Bunt missed!
0-1: Bunt missed!
0-2: Ball
1-2: Grounds into double play, 4-6-3 (Groundball, 4, EV 83.1 MPH)
B.J. Ferguson to third
Batting: RHB Alex Freyre 0-0: Intentional Walk
Batting: RHB Simon Sultzbach 0-0: Called Strike
0-1: Ball
1-1: Swinging Strike
1-2: Fly out, F8 (Line Drive, 8LM, EV 83.1 MPH)
Top of the 15th over - 0 runs, 1 hit, 0 errors, 2 left on base; California State University at Fullerton 1 - University of Nebraska 1
BOTTOM OF THE 15TH
University of Nebraska Cornhuskers batting - Pitching for California State University at Fullerton Titans : RHP Alex Mendoza
Pitching: RHP Jorge Garza
Batting: RHB David Arevalo 0-0: Called Strike
0-1: Ball
1-1: Fly out, F7 (Flyball, 7LS, EV 78.1 MPH)
Batting: SHB Andy Henn 0-0: Ball
1-0: Ball
2-0: SINGLE (Groundball, 34D, EV 101.9 MPH)
Batting: RHB Ruben Savino 0-0: Foul Ball, location: 2F
0-1: Ball
1-1: Foul Ball, location: 2F
1-2: Ball
2-2: Strikes out swinging
Batting: RHB Carlos Salazar 0-0: Reached on error, E5 (Groundball, 5, EV 102.5 MPH)
Andy Henn to second
Batting: RHB Rob Bryan 0-0: Ball
1-0: Ball
2-0: Foul Ball, location: 2F
2-1: Called Strike
2-2: Foul Ball, location: 2F
2-2: Ground out 3-1 (Groundball, 13, EV 81.9 MPH)
Bottom of the 15th over - 0 runs, 1 hit, 1 error, 2 left on base; California State University at Fullerton 1 - University of Nebraska 1
TOP OF THE 16TH
California State University at Fullerton Titans batting - Pitching for University of Nebraska Cornhuskers : RHP Doug Haas
Batting: RHB Jeremy Evans 0-0: Foul Ball, location: 2F
0-1: Ball
1-1: Ball
2-1: Foul Ball, location: 2F
2-2: Ball
3-2: Strikes out swinging
Batting: RHB Alex Rivas 0-0: Ball
1-0: TRIPLE (Line Drive, 78XD, EV 106.9 MPH)
Batting: LHB John Blumberg 0-0: Intentional Walk
Batting: RHB Matt Martin 0-0: Called Strike
0-1: Ball
1-1: Called Strike
1-2: Strikes out swinging
Batting: LHB B.J. Ferguson 0-0: Ball
1-0: Ball
2-0: SINGLE (Groundball, 6M, EV 101.2 MPH)
Alex Rivas scores
John Blumberg to second
Batting: LHB Steve Lane 0-0: Ball
1-0: Swinging Strike
1-1: Ball
2-1: Foul Ball, location: 2F
2-2: Foul Ball, location: 2F
2-2: Foul Ball, location: 2F
2-2: Ball
3-2: Ground out 5-3 (Groundball, 5, EV 100.0 MPH)
Top of the 16th over - 1 run, 2 hits, 0 errors, 2 left on base; California State University at Fullerton 2 - University of Nebraska 1
BOTTOM OF THE 16TH
University of Nebraska Cornhuskers batting - Pitching for California State University at Fullerton Titans : RHP Jorge Garza
Batting: RHB Salvador Guillen 0-0: Called Strike
0-1: Foul Ball, location: 2F
0-2: Ball
1-2: Ball
2-2: Ball
3-2: SINGLE (Groundball, 5S, EV 65.6 MPH) (infield hit)
Pitching: RHP Mick Chesney
Pinch Hitting: RHB Alex Garcia 0-0: Ball
1-0: Foul Ball, location: 2F
1-1: Foul Ball, location: 2F
1-2: Ball
2-2: Foul Ball, location: 2F
2-2: Ball
3-2: Fly out, F8 (Flyball, 8RXD, EV 103.8 MPH)
Runner from 1st tags up, SAFE at 2nd
Batting: RHB Aidan Collet 0-0: Ball
1-0: Swinging Strike
1-1: Ball
2-1: Ground out 5-3 (Groundball, 5L, EV 83.8 MPH)
Batting: LHB Avicenna Abdul-Muta'al 0-0: Ball
1-0: Foul Ball, location: 2F
1-1: Ball
2-1: Called Strike
2-2: Strikes out swinging
Bottom of the 16th over - 0 runs, 1 hit, 0 errors, 1 left on base; California State University at Fullerton 2 - University of Nebraska 1
Tuesday, September 13th , 2022 - OOTP Baseball 23.7 Build 88